 Dungeon Crawl Stone Soup version 0.27.0-1-g7a089689b8 (webtiles) character file.

Game seed: 16503666295574537900

233 JBAR the Cudgeller (level 6, -10/62 HPs)
             Began as an Ogre Gladiator on Aug 2, 2021.
             Mangled by Menkaure (13 damage)
             ... on level 4 of the Dungeon.
             The game lasted 00:04:52 (3384 turns).

JBAR the Cudgeller (Ogre Gladiator)                 Turns: 3384, Time: 00:04:53

Health: -10/62     AC:  4    Str: 21    XL:     6   Next: 5%
Magic:  6/6        EV: 15    Int:  9    God:
Gold:   79         SH:  0    Dex: 16    Spells: 5/5 levels left

rFire    . . .     SeeInvis .   m - +0 whip (drain)
rCold    . . .     Faith    .   (no shield)
rNeg     . . .     Spirit   .   l - +0 animal skin
rPois    .         Reflect  .   c - +0 hat
rElec    .         Harm     .   i - +0 cloak
rCorr    .         Rampage  .   (gloves unavailable)
Will     .....                  (boots unavailable)
Stlth    ++........             (no amulet)
HPRegen  0.20/turn              e - +6 ring of dexterity
MPRegen  0.10/turn              j - +4 ring of evasion

@: no status effects
A: large, unfitting armour, tough skin 1
a: no special abilities


You were on level 4 of the Dungeon.
You visited 1 branch of the dungeon, and saw 4 of its levels.

You collected 79 gold pieces.

Inventory:

Hand Weapons
 a - a +0 flail
 m - a +0 whip of draining (weapon)
 p - a +0 mace of venom
Missiles
 d - 4 throwing nets (quivered)
Armour
 c - a +0 hat (worn)
 i - a +0 cloak (worn)
 l - a +0 animal skin (worn)
Jewellery
 b - an amulet of the acrobat
 e - a +6 ring of dexterity (left hand)
 g - a ring of positive energy
 j - a +4 ring of evasion (right hand)
Wands
 n - a wand of iceblast (9)
Scrolls
 f - 2 scrolls of teleportation {unknown}
 h - a scroll of vulnerability {unknown}
 o - a scroll of enchant armour {unknown}
 r - a scroll of magic mapping {unknown}
Potions
 k - a potion of magic {unknown}
 q - 2 potions of brilliance {unknown}
 s - a potion of invisibility {unknown}


   Skills:
 * Level 3.9 Fighting
 * Level 5.2 Maces & Flails
 + Level 2.0 Throwing
 + Level 3.2 Dodging
 + Level 0.3 Stealth


You had 5 spell levels left.
You didn't know any spells.
Your spell library contained the following spells:

 Spells                   Type           Power      Damage    Failure   Level
 Ensorcelled Hibernation  Hex/Ice        0%         N/A       52%         2
 Spider Form              Tmut/Pois      0%         N/A       77%         3
 Shadow Creatures         Summ           N/A        N/A       100%        6


Dungeon Overview and Level Annotations

Branches:
Dungeon (4/15)
 Temple: D:4-7

Altars:
Zin

Shops:
D:1 :

Annotations:
D:4 Menkaure


Innate Abilities, Weirdness & Mutations

You are too large for most types of armour.
You have tough skin. (AC +1)


Message History

The bullfrog closely misses you.
You are too injured to fight recklessly!
You are too injured to fight recklessly!
You are too injured to fight recklessly!
You closely miss the bullfrog.
The bullfrog is heavily wounded.
The bullfrog hits you but does no damage.
The bullfrog barely misses you.
You hit the bullfrog but do no damage.
The bullfrog looks as sick as possible!
The bullfrog is severely wounded.
The bullfrog hits you. The bullfrog closely misses you.
You closely miss the bullfrog.
The bullfrog is severely wounded.
You kill the bullfrog!
Menkaure hits you!
* * * LOW HITPOINT WARNING * * *
Menkaure hits you.
* * * LOW HITPOINT WARNING * * *
You have reached level 6!
Your experience leads to an increase in your attributes!
Your base attributes are Str 19, Int 9, Dex 10.
Increase (S)trength, (I)ntelligence, or (D)exterity?
You feel stronger. x2
Your +0 mace of venom stops dripping with poison.
You sense an unholy aura.
m - a +0 whip of draining (weapon)
You hit Menkaure but do no damage. Menkaure hits you but does no damage.
You hit Menkaure.
Menkaure is lightly damaged.
Menkaure calls on the powers of darkness!
Your body is wracked with pain!
* * * LOW HITPOINT WARNING * * *
You hit Menkaure.
Menkaure is lightly damaged.
Menkaure barely misses you. Menkaure hits you.
* * * LOW HITPOINT WARNING * * *
You hit Menkaure.
Menkaure is moderately damaged.
Menkaure hits you!
You die...

..# ##. #.#
####.#.###.###.###.
...###...........
...#.......#..# ###
###.#...........# ....
.....##.....#..#
#...##.#.##....##..#
#....M...##.#.#.#..#
#....†@.....###....####
####.#.####.# #......<.
.. #.# ##...#..###..
#.. #.# ##.##....>.# #.
... ...##..##### .. #..
### ##..# . ... #..#
...# #... ##.


You could see Menkaure (fast).

Vanquished Creatures
  A bullfrog (D:4)
  Jessica (D:3)
  An orc wizard (D:3)
  Robin (D:2)
  2 adders (D:2)
  2 worms (D:2)
  A dart slug (D:3)
  11 orcs (D:3)
  5 ball pythons
  6 bats
  3 endoplasms
  2 giant cockroaches (D:1)
  6 hobgoblins
  8 jackals (D:1)
  4 frilled lizards
  20 goblins
  7 kobolds
  6 rats
87 creatures vanquished.

Notes
Turn   | Place    | Note
-------+----------+-------------------------------------------
     0 | D:1      | JBAR the Ogre Gladiator began the quest for the Orb.
     0 | D:1      | Reached XP level 1. HP: 22/22 MP: 1/1
    66 | D:1      | Reached skill level 3 in Maces & Flails
    66 | D:1      | Reached XP level 2. HP: 14/29 MP: 2/2
   732 | D:1      | Reached XP level 3. HP: 35/37 MP: 3/3
  1001 | D:1      | Found Cimygausch's Book Shop.
  1336 | D:1      | Found a glowing silver altar of Zin.
  1648 | D:2      | Reached XP level 4. HP: 38/45 MP: 4/4
  1909 | D:2      | Reached skill level 4 in Maces & Flails
  2003 | D:2      | Noticed Robin
  2013 | D:2      | Killed Robin
  2450 | D:3      | Noticed Jessica
  2454 | D:3      | Killed Jessica
  2455 | D:3      | Reached XP level 5. HP: 53/53 MP: 5/5
  3192 | D:3      | Reached skill level 5 in Maces & Flails
  3374 | D:4      | Noticed Menkaure
  3380 | D:4      | Reached XP level 6. HP: 12/62 MP: 6/6
  3383 | D:4      | HP: 3/62 [Menkaure (5)]
  3384 | D:4      | Mangled by Menkaure

Illustrated notes

Levels and vault maps discovered:
D:1:      dpeg_arrival_water_altar, layout_loops_corners, serial_shops, shop
D:2:      layout_loops_cross, minmay_misc_feat_roman, kennysheep_another_room,
          amcnicky_mini_pool_small, grunt_ministairs_7,
          minmay_misc_feat_enclosed, uniq_robin
D:3:      layout_basic, uniq_jessica
D:4:      layout_loops_ring, uniq_menkaure

Skill      XL: |  1  2  3  4  5 |
---------------+----------------+-----
Maces & Flails | 3 4 5 |  5.2
Fighting       | 3 |  3.9
Dodging        | 3 |  3.2
Throwing       | |  2.0
Stealth        | |  0.3

Action                   |  1- 3 |  4- 6 || total
-------------------------+-------+-------++-------
Melee: Flail             |   106 |    75 ||   181
       Mace              |       |    34 ||    34
       Whip              |       |    28 ||    28
  Use: Scroll            |     1 |       ||     1
 Stab: Sleeping          |     1 |     1 ||     2
Armor: Robe              |    33 |    19 ||    52
       Animal skin       |       |    14 ||    14
Dodge: Dodged            |    58 |    94 ||   152
